 Dungeon Crawl Stone Soup version 0.22.1-1-ga44c0e56f4 (webtiles) character file.

1607 LLavrengius the Insei (level 8, -6/57 HPs)
             Began as an Octopode Transmuter on Nov 6, 2018.
             Mangled by Menkaure (23 damage)
             ... on level 6 of the Dungeon.
             The game lasted 00:24:41 (6545 turns).

LLavrengius the Insei (Octopode Transmuter)         Turns: 6545, Time: 00:24:42

Health: -6/57      AC:  2    Str:  9    XL:     8   Next: 95%
Magic:  7/11       EV: 20    Int: 17    God:
Gold:   265        SH:  0    Dex: 18    Spells: 2/11 levels left

rFire    . . .     SeeInvis .     - Unarmed
rCold    . . .     Gourm    .   (shield currently unavailable)
rNeg     . . .     Faith    .   (helmet currently unavailable)
rPois    x         Spirit   .   (no amulet)
rElec    .         Reflect  .   (no ring)
rCorr    .         Harm     .   (no ring)
MR       .....                  (no ring)
Stlth    ++........             (no ring)
HPRegen  0.19/turn              (no ring)
MPRegen  0.12/turn              (no ring)
                                (no ring)
                                (no ring)

@: spider-form
A: tiny, almost no armour, stealthy swim, (amphibious), 8 rings, (constrict 8)
a: End Transformation


You were on level 6 of the Dungeon.
You were not hungry.
You were a venomous arachnid creature.
You visited 1 branch of the dungeon, and saw 8 of its levels.
You also visited: Sewer.

You collected 265 gold pieces.

Inventory:

Hand Weapons
 n - a +0 spear
 p - a +1 dagger of venom
 q - a cursed -2 hand crossbow
 t - a +1 hunting sling (melded)
 E - a +0 shortbow of flaming
Missiles
 a - 37 arrows
 g - 250 stones (quivered)
 s - 27 sling bullets
 u - 12 bolts
 y - 2 throwing nets
Armour
 h - a +0 buckler (melded)
Scrolls
 b - 2 scrolls of fog
 e - a scroll of random uselessness {unknown}
 l - 2 scrolls of fear {unknown}
 o - 2 scrolls of remove curse
 v - 2 scrolls of blinking
 w - 4 scrolls of teleportation
 x - a scroll of magic mapping {unknown}
 A - a scroll of brand weapon {unknown}
 B - a scroll of enchant weapon
 C - 2 scrolls of identify
 F - a scroll of enchant armour {unknown}
Potions
 d - 2 potions of flight {unknown}
 f - a potion of agility
 i - 6 potions of heal wounds
 j - 4 potions of brilliance
 k - a potion of magic {unknown}
 m - 2 potions of might
 r - 2 potions of degeneration {unknown}
 z - a potion of curing {unknown}
 D - a potion of mutation {unknown}
Comestibles
 c - 9 rations
 G - 2 chunks of flesh


   Skills:
 + Level 6.1 Fighting
 + Level 2.0 Dodging
 + Level 0.0 Stealth
 - Level 4.1 Shields
 * Level 6.8 Unarmed Combat
 - Level 2.0 Spellcasting
 - Level 4.0 Transmutations
 - Level 4.0 Poison Magic


You had 2 spell levels left.
You knew the following spells:

 Your Spells              Type           Power        Failure   Level  Hunger
a - Beastly Appendage     Tmut           ###...       12%         1    #......
b - Sticks to Snakes      Tmut           ###.....     16%         2    ###....
c - Spider Form           Tmut/Pois      ###.......   26%         3    ###....
d - Magic Dart            Conj           #...         38%         1    #......
e - Blink                 Tloc           N/A          50%         2    ###....

Your spell library contained the following spells:

 Spells                   Type           Power        Failure   Level  Hunger
 Call Imp                 Summ           #.......     50%         2    ###....
 Slow                     Hex            #.......     50%         2    ###....
 Mephitic Cloud           Conj/Pois/Air  #.......     54%         3    ###....
 Conjure Flame            Conj/Fire      #.......     71%         3    ###....
 Ice Form                 Ice/Tmut       #.......     82%         4    #####..
 Blade Hands              Tmut           ###.......   87%         5    ######.


Dungeon Overview and Level Annotations

Branches:
Dungeon (8/15)
 Temple: D:4-7         Lair: D:8-11

Altars:

Annotations:
D:6 Menkaure


Innate Abilities, Weirdness & Mutations

You cannot wear most types of armour.
You are very stealthy in the water. (Stealth+)
((You are amphibious.))
You can wear up to eight rings at the same time.
((You can use your tentacles to constrict eight enemies at once.))
((Your skin changes colour to match your surroundings (Stealth+).))
((Your rubbery body absorbs attacks. (AC +1, EV +1)))


Message History

Your transformation has ended.
Your +1 hunting sling unmelds from your body.
Your +0 buckler unmelds from your body.
You start resting.
Your magical contamination has completely faded away.
You start resting.
Menkaure is too close now for your liking.
You start resting.
Menkaure is too close now for your liking.
Casting: Spider Form (safe; 11% risk of failure)
Confirm with . or Enter, or press ? or * to list all spells.
You turn into a venomous arachnid creature.
Your +1 hunting sling melds into your body.
Your +0 buckler melds into your body.
Menkaure shouts!
Menkaure calls on the powers of darkness!
Your body is wracked with pain!
* * * LOW HITPOINT WARNING * * *
Menkaure hits you!!
You die...

.# ... ## #.##.#
#. #.##.# #.#
#.##.# ... #.##.#
.#.#.##.##.#### #
.[.....>....... .#
.#.#.#...#)#####.#
............MsP..#
#..####..#.#PP...#
# #..#.#.....#
#..#.#..P......
.....####.##..#
###.... .# .#
##### .# # .# .#


You could see Menkaure.

Vanquished Creatures
  An ice beast (D:6)
  A phantom (D:6)
  5 ogres (D:4)
  3 big kobolds (Sewer)
  2 scorpions
  A howler monkey (D:4)
  A crimson imp (D:4)
  2 orc priests
  3 orc wizards (D:5)
  2 hounds
  A centaur skeleton (D:6)
  An iguana (D:4)
  4 worker ants (D:4)
  A hound zombie (D:6)
  A howler monkey skeleton (D:4)
  7 adders
  3 river rats (Sewer)
  A shadow imp (D:5)
  8 oozes
  2 adder zombies
  2 worms
  2 dart slugs (D:1)
  4 leopard geckos
  3 orcs
  A ball python (Sewer)
  6 giant cockroaches
  9 goblins
  6 hobgoblins
  5 jackals
  7 quokkas
  7 bats
  4 frilled lizards
  15 kobolds
  A leopard gecko skeleton (D:5)
  10 rats
132 creatures vanquished.

Notes
Turn   | Place    | Note
-------+----------+-------------------------------------------
     0 | D:1      | LLavrengius the Octopode Transmuter began the quest for the
                  | Orb.
     0 | D:1      | Reached XP level 1. HP: 13/13 MP: 3/3
    87 | D:1      | Reached XP level 2. HP: 10/18 MP: 5/5
    91 | D:1      | Learned a level 2 spell: Sticks to Snakes
   504 | D:1      | Reached XP level 3. HP: 23/23 MP: 4/6
   979 | D:2      | Learned a level 3 spell: Spider Form
  1150 | D:2      | Reached skill level 1 in Poison Magic
  1150 | D:2      | Reached XP level 4. HP: 29/29 MP: 0/7
  2119 | D:3      | Found a glowing drain.
  2143 | D:3      | Reached XP level 5. HP: 21/34 MP: 2/8
  2152 | Sewer    | Entered a sewer
  2455 | Sewer    | Noticed a big kobold
  2466 | Sewer    | Killed a big kobold
  2534 | Sewer    | Noticed a big kobold
  2535 | Sewer    | Noticed a big kobold
  2944 | Sewer    | Killed a big kobold
  2944 | Sewer    | Reached XP level 6. HP: 22/41 MP: 9/9
  3798 | D:4      | Reached skill level 1 in Shields
  3798 | D:4      | Reached XP level 7. HP: 46/46 MP: 7/10
  4127 | D:4      | Reached skill level 5 in Unarmed Combat
  4263 | D:4      | Learned a level 1 spell: Magic Dart
  4266 | D:4      | Learned a level 2 spell: Blink
  4374 | D:4      | Reached XP level 8. HP: 54/54 MP: 7/11
  4863 | D:5      | Entered Level 5 of the Dungeon
  5244 | D:4      | Reached skill level 5 in Fighting
  5697 | D:5      | You fall through a shaft for 3 floors!
  5721 | D:8      | Noticed a death yak
  6091 | D:6      | Noticed Menkaure
  6545 | D:6      | Mangled by Menkaure

Skill      XL: |  1  2  3  4  5  6  7  8 |
---------------+-------------------------+-----
Transmutations | 3 4 |  4.0
Poison Magic   | 1 2 3 4 |  4.0
Fighting       | 2 3 4 6 |  6.1
Unarmed Combat | 4 5 6 |  6.8
Shields        | 1 3 4 |  4.1
Dodging        | |  2.0
Spellcasting   | |  2.0

Action                   |  1- 3 |  4- 6 |  7- 9 || total
-------------------------+-------+-------+-------++-------
Melee: Unarmed           |    78 |   105 |   155 ||   338
       Constrict         |    20 |     8 |       ||    28
       Tentacles         |    12 |     8 |       ||    20
       Kick              |     9 |     3 |       ||    12
       Punch             |     2 |     2 |       ||     4
       Dagger            |       |    13 |       ||    13
       Spear             |       |     6 |       ||     6
 Fire: Hunting sling     |       |    66 |    46 ||   112
Throw: Stone             |       |     1 |       ||     1
 Cast: Beastly Appendage |    10 |     3 |       ||    13
       Spider Form       |     1 |    15 |    20 ||    36
  Use: Scroll            |       |    10 |       ||    10
       Potion            |       |     4 |       ||     4
 Stab: Sleeping          |     7 |     4 |     1 ||    12
       Distracted        |     1 |       |       ||     1
  Eat: Chunk             |     1 |     7 |     4 ||    12
       Ration            |       |     1 |     2 ||     3
Armor: Skin              |    13 |     6 |     4 ||    23
Dodge: Dodged            |    62 |    81 |   127 ||   270
Block: Buckler           |       |       |     2 ||     2
